 Dungeon Crawl Stone Soup version 0.31.0-11-ge490571c62 (webtiles) character file.

Game seed: 17791060779264305027

129 Curundu the Chopper (level 4, -2/41 HPs)
             Began as a Minotaur Berserker on Jan 26, 2024.
             Was a Believer of Trog.
             Slain by an orc priest
             ... wielding a +0 flail
              (9 damage)
             ... on level 3 of the Dungeon.
             The game lasted 00:03:55 (1867 turns).

Curundu the Chopper (Minotaur Berserker)            Turns: 1867, Time: 00:03:58

Health: -2/41      AC:  5    Str: 23    XL:     4   Next: 88%
Magic:  3/3        EV: 11    Int:  4    God:    Trog [**....]
Gold:   48         SH:  0    Dex: 10    Spells: 3/3 levels left

rFire   . . .        a - +0 hand axe
rCold   . . .        (no shield)
rNeg    . . .        e - +0 ring mail
rPois   .            (helmet restricted)
rElec   .            (no cloak)
rCorr   .            (no gloves)
SInv    .            (no boots)
Will    ++...        (no amulet)
Stlth   +            (no ring)
HPRegen 1.26/turn    (no ring)
MPRegen 0.08/turn

%: no passive effects
@: strong-willed (expiring), on berserk cooldown, regenerating (expiring),
slowed, very slow
A: horns 2, retaliatory headbutt
a: Renounce Religion, Berserk, Trog's Hand


You were on level 3 of the Dungeon.
You worshipped Trog.
Trog was pleased with you.
You visited 1 branch of the dungeon, and saw 3 of its levels.

You collected 48 gold pieces.

Inventory:

Hand Weapons
 a - a +0 hand axe (weapon)
Armour
 e - a +0 ring mail (worn)
Scrolls
 b - a scroll of torment {unknown}
 c - 2 scrolls of identify
 f - a scroll of enchant armour {unknown}
Potions
 d - 2 potions of magic


   Skills:
 + Level 4.7 Fighting
 + Level 5.0 Axes
 + Level 3.0 Armour
 + Level 2.9 Dodging
 + Level 1.0 Stealth


You had 3 spell levels left.
You didn't know any spells.
Your spell library was empty.

Dungeon Overview and Level Annotations

Branches:
Dungeon (3/15)

Altars:


Innate Abilities, Weirdness & Mutations

You have a pair of horns on your head.
You reflexively headbutt those who attack you in melee.


Message History

You hit the orc priest.
The orc priest is moderately wounded.
The orc priest calls upon Beogh to heal the orc priest.
The orc priest's wounds heal themselves!
The orc priest closely misses you.
The orc priest mumbles some strange prayers to Beogh against you.
You resist with almost no effort.
The orc priest calls down the wrath of Beogh upon you.
Beogh smites you!
You slash the orc priest! You headbutt the orc priest!
You kill the orc priest!
Trog accepts your kill.
You hit the orc priest but do no damage.
The orc priest misses you. You furiously retaliate!
You headbutt the orc priest. The orc barely misses you.
You furiously retaliate!
You headbutt the orc.
The orc priest hits you with a +0 flail.
Your Axes skill increases to level 5!
Your Armour skill increases to level 3!
Your Stealth skill increases to level 1!
You hit the orc.
The orc is severely wounded.
You barely miss the orc priest. The orc priest closely misses you.
The orc misses you.
The orc priest hits you with a +0 flail!
The orc priest attacks as it pursues you!
The orc priest hits you with a +0 flail!
* * * LOW HITPOINT WARNING * * *
The orc hits you with a +0 club.
* * * LOW HITPOINT WARNING * * *
The orc hits you with a +0 short sword.
* * * LOW HITPOINT WARNING * * *
Things that are here:
a +0 hand axe; an orc corpse You closely miss the orc priest.
The orc priest is moderately wounded.
You closely miss the orc. You hit the orc.
You feel the effects of Trog's Hand fading.
The orc closely misses you. The orc hits you but does no damage.
The orc priest hits you with a +0 flail!
You die...

PPP~~~♣P## ##.......##
#........# ~♣~♣~♣..#
#........)####....####
♣♣♣♣.....
+.........'...........
#.........###.....###.
##.......## #†#.#.#
##.....## #.###.#
##$..######.# #.#
#.oo......#.# #.#
#.#@#####.#.# #.#
#.#o# #.# #>#.# #..
..... ### #.... #.....
.#.## #....


You could see an orc priest and 2 orcs.

Vanquished Creatures
  An orc priest (D:3)
  Terence (D:3)
  2 adders (D:2)
  4 dart slugs
  2 ribbon worms (D:2)
  7 ball pythons
  3 endoplasms
  3 giant cockroaches
  5 goblins (D:1)
  4 hobgoblins
  4 bats
  2 frilled lizards
  4 kobolds
  4 rats
46 creatures vanquished.

Notes
Turn   | Place    | Note
-------+----------+-------------------------------------------
     0 | D:1      | Curundu the Minotaur Berserker began the quest for the Orb.
     0 | D:1      | Reached XP level 1. HP: 19/19 MP: 0/0
    38 | D:1      | Reached skill level 4 in Axes
    97 | D:1      | Reached XP level 2. HP: 27/27 MP: 1/1
   856 | D:2      | Reached XP level 3. HP: 26/33 MP: 2/2
   918 | D:2      | Reached ** piety under Trog
  1570 | D:2      | Reached XP level 4. HP: 37/41 MP: 3/3
  1844 | D:3      | Noticed Terence
  1849 | D:3      | Killed Terence
  1865 | D:3      | Reached skill level 5 in Axes
  1865 | D:3      | Reached skill level 1 in Stealth
  1867 | D:3      | Slain by an orc priest

Illustrated notes

Levels and vault maps discovered:
D:1:      ldierk_walled_garden, layout_basic, reono_crystal_passage
D:2:      layout_loops_corners
D:3:      layout_loops_corners, nicolae_tso_besieged_by_evil, serial_bayou,
          serial_bayou_shore_b, serial_bayou_lake_a, serial_bayou_pond_b,
          serial_bayou_pond_e, serial_bayou_ford_a, uniq_terence, uniq_natasha

Skill      XL: |  1  2  3  4 |
---------------+-------------+-----
Axes           | 4 5 |  5.0
Fighting       | 4 |  4.7
Armour         | 3 |  3.0
Stealth        | 1 |  1.0
Dodging        | |  2.9

Action                     |  1- 3 |  4- 6 || total
---------------------------+-------+-------++-------
  Melee: Hand axe          |    77 |    17 ||    94
         Headbutt          |    14 |     8 ||    22
 Invoke: Trog's Hand       |       |     2 ||     2
         Berserk           |       |     1 ||     1
    Use: Scroll            |     1 |       ||     1
   Stab: Sleeping          |     1 |       ||     1
 Armour: Animal skin       |    34 |       ||    34
         Ring mail         |    12 |    10 ||    22
  Dodge: Dodged            |    51 |     9 ||    60
